← All builds
Tech / Armada / Economy first / OBSERVED BUILD

Standard tech

Armada Tech (Eco) build order · Supreme Isthmus

Rushes T2 factory and Advanced Metal Extractor while supplying T2 and T1 constructors to teammates like Geo, then transitions into Citadel/Platypus/Umbrella defence as the game develops.

Usually first T2 con to Geo (84%)

#eco #t2 #team support · 833 distinct matches · 112 players · 59% of Armada Tech games · team won 53% of 958 · Recently observed

HOW TO PLAY IT

Key timing: T2 factory by 4:15

  1. Open mex and wind, start bot lab right away.
  2. Get bot lab up and begin feeding early cons.
  3. Start advanced bot lab to rush T2 factory.
  4. Finish T2 factory and push advanced metal extractor by 5:29.
  5. Build Citadel, Platypus and Umbrella as anti-nuke defence transition.

Phase by phase

TYPICAL OF ITS 833 GAMES
  1. 1
  2. 2
  3. 3
  4. 4
PLAY THE OPENING

Follow the example game's first 6:00 step by step: what to build now, what comes next, and where it goes. At 1× it keeps pace with your own game.

  1. 1

    Up to the Bot Lab

    Economy
    • Metal Extractor3Mex
    • Wind Turbine4Wind
    Order
    1. Bot LabBot Lab after 3 mex, 4 winddone ~1:18, middle half 1:13–1:32

    Some games also: energy storage (30%)

    By 1:01 in all: 3 mex · 4 wind

    The example game in this phase · 4 steps
    1. Mex ×3
    2. Wind ×4
    3. Energy storage
    4. Bot LabBot Labdone 1:30 · typical 1:18
  2. 2

    Bot Lab to Advanced Bot Lab

    Economy
    • Metal Extractor1Mex
    • Wind Turbine8Wind
    • Energy Storage1Energy storage
    Order
    1. Advanced Bot LabAdvanced Bot Lab after 4 mex, 12 wind, 3 con turretdone ~4:15, middle half 4:04–4:28
    Builders
    • Construction Turret3 Con turret
    • Lazarus3 Lazarus
    • Construction Bot2 Con bot
    • Construction Bot1 Con bot for allies

    Some games also: converter (36%)

    By 3:19 in all: 4 mex · 12 wind · 1 energy storage · 3 con turret

    The example game in this phase · 15 steps
    1. Construction BotCon bot
    2. LazarusLazarus ×2
    3. Construction BotCon botfor Air
    4. LazarusLazarus
    5. Con turret
    6. Mex
    7. Construction BotCon bot
    8. Wind ×2
    9. Con turret
    10. Wind ×3
    11. Con turret
    12. Wind
    13. Converter ×2
    14. Wind
    15. Advanced Bot LabAdvanced Bot Labdone 4:02 · typical 4:15
  3. 3

    Advanced Bot Lab to 5:00

    Economy
    • Wind Turbine2Wind
    Builders
    • Advanced Construction Bot1 T2 con bot for allies

    Some games also: converter (35%)

    By 5:00 in all: 4 mex · 15 wind · 2 converter · 1 energy storage · 3 con turret

    The example game in this phase · 8 steps
    1. Wind ×3
    2. Advanced Construction BotT2 con botfor Geo
    3. Wind
    4. FatboyFatboyfor Ponddone 4:58
    5. Wind
    6. Advanced Metal ExtractorT2 mexdone 5:25 · typical 5:29
    7. Wind ×2
    8. Advanced Construction BotT2 con bot
  4. 4

    5:00 to 10:00

    Economy
    • Wind Turbine44Wind
    • Energy Converter6Converter
    Builders
    • Butler8 Butler
    • Advanced Construction Bot4 T2 con bot for allies
    • Advanced Construction Bot1 T2 con bot

    Some games also: con turret (48%) · Butler for allies (37%)

    By 10:00 in all: 4 mex · 59 wind · 8 converter · 1 energy storage · 3 con turret

    The example game in this phase · 155 steps
    1. Wind ×4
    2. Advanced Construction BotT2 con botfor Air
    3. Wind ×2
    4. Advanced Metal ExtractorT2 mex
    5. Wind
    6. Advanced Metal ExtractorT2 mex
    7. Wind ×2
    8. Advanced Construction BotT2 con botfor Geo sea
    9. Wind ×2
    10. ButlerButler
    11. Advanced Metal ExtractorT2 mex
    12. Wind
    13. ButlerButler
    14. Wind ×2
    15. Converter
    16. Advanced Construction BotT2 con botfor Beach sea
    17. Converter ×2
    18. Advanced Construction BotT2 con botfor Pond
    19. Converter
    20. Windfor Beach sea
    21. ButlerButler
    22. Windfor Beach sea
    23. Converter
    24. Windfor Beach sea
    25. ButlerButler
    26. Converter
    27. Windfor Beach sea
    28. ButlerButler
    29. Windfor Beach sea
    30. Converter
    31. ButlerButler
    32. Windfor Beach sea
    33. Converter
    34. Wind
    35. ButlerButler
    36. Windfor Beach sea
    37. Wind
    38. Converter
    39. Wind
    40. Windfor Beach sea
    41. ButlerButler
    42. Wind ×2
    43. Windfor Beach sea
    44. Converter
    45. Wind
    46. Converter
    47. Wind
    48. Windfor Beach sea
    49. Converter
    50. Wind ×3
    51. Windfor Beach sea
    52. Converter
    53. Wind ×2
    54. Windfor Beach sea
    55. Converter
    56. Wind
    57. Converter
    58. Wind ×2
    59. Windfor Beach sea
    60. Wind
    61. Advanced Construction BotT2 con bot
    62. Wind
    63. Converter
    64. Wind
    65. Windfor Beach sea
    66. Wind ×2
    67. Con turret
    68. Windfor Beach sea
    69. Wind ×3
    70. Windfor Beach sea
    71. Wind ×2
    72. Con turret
    73. Wind
    74. Windfor Beach sea
    75. Wind ×2
    76. Converter
    77. Con turret
    78. Wind
    79. Windfor Beach sea
    80. Wind ×2
    81. Converter
    82. Wind
    83. Windfor Beach sea
    84. Wind ×2
    85. Windfor Beach sea
    86. Con turret
    87. TracerTracer
    88. Wind ×28
    89. Con turret
    90. Wind ×5
    91. Con turret
    92. Wind ×2
    93. Con turret
    94. Wind ×8
    95. Con turret
    96. Wind ×2
    97. T2 converter
    98. Wind ×10
    99. Con turret
    100. Wind ×11
    101. Con turret
    102. Wind ×7
    103. Advanced Construction BotT2 con bot
    104. Wind ×19
    105. Aircraft PlantAircraft Plantdone 11:59
    106. Wind ×6
    107. StormbringerBomber
    108. Wind ×2
    109. CitadelAnti-nukedone 13:27
    110. Wind
    111. StormbringerBomber
    112. Wind ×6
    113. StormbringerBomber
    114. Wind ×10
    115. StormbringerBomber
    116. Wind ×7
    117. StormbringerBomber
    118. Wind ×6
    119. StormbringerBomber
    120. Wind ×5
    121. StormbringerBomber
    122. Wind ×2
    123. T2 converter
    124. Wind ×5
    125. StormbringerBomber
    126. Wind ×21
    127. StormbringerBomber
    128. Wind ×5
    129. StormbringerBomber
    130. Wind ×3
    131. StormbringerBomber
    132. Wind ×3
    133. StormbringerBomber
    134. Wind ×4
    135. StormbringerBomber
    136. Wind ×3
    137. StormbringerBomber
    138. Wind ×4
    139. StormbringerBomber
    140. Wind ×4
    141. StormbringerBomber
    142. Wind ×4
    143. StormbringerBomber
    144. Wind ×3
    145. StormbringerBomber
    146. Wind ×4
    147. StormbringerBomber
    148. Wind ×2
    149. StormbringerBomber
    150. Wind ×13
    151. T2 converter
    152. Wind ×5
    153. T2 converter
    154. Wind ×30
    155. T2 converter

Counts are medians over the build's games: half of them build more, half fewer. The example game is Adeus's (37 OS, 04/10/2026); pick another.

Team trades

IN AT LEAST 30% OF ITS GAMES

You hand over

  • Construction Bot1 Con bot to Airfirst at 2:22 · in 87% of games
  • Advanced Construction Bot5 T2 con bot to Air or Geo sea or Pondfirst at 4:48 · in 99% of games
  • Sharpshooter2 Sniper bot to Pondfirst at 5:21 · in 32% of games
  • Butler2 Butler to Geo sea or Beach sea or Pondfirst at 9:04 · in 41% of games

You get

  • Hercules1 Light transport from Airfirst at 4:00 · in 85% of games

How it plays out

Typical game of this build, running totals by minute

Metal produced

020k40k
0:005:0010:0015:00

metal

Enemy metal destroyed

0200400
0:005:0010:0015:00

metal

Own metal lost

0100200300
0:005:0010:0015:00

metal

958 games.

Show as table
ByMetal produced: This buildEnemy metal destroyed: This buildOwn metal lost: This build
1:0038300
2:0091600
3:00164300
4:00315600
5:00486400
6:00580500
7:00723000
8:00907900
9:001124800
10:001357600
11:001642100
12:001998800
13:002374500
14:002753685106
15:0031617313235
WHAT THE NUMBERS SAY

This is the role's textbook T2 rush, posting the highest metal production of any build shown (31617 by 15:00) with almost no early losses.

  • + T2 factory done by 4:15 in 97% of games, extremely consistent.
  • + Own metal lost is only 228 by 15:00, near untouched economy.
  • − Team win rate is the lowest of all builds shown at 53%, fast eco alone doesn't decide games.
THE EXAMPLE YOU ARE READING

Adeus

36.9 OS · 04/10/2026

Open source match ↗

3 received units
2823 metal received · 46946 energy received

Allied construction assistance is unknown. Timings are observations, not a promise of solo reproducibility.

Typical milestones

Bot Lab1:18Middle 50%: 1:13–1:32 · n=958
Advanced Bot Lab4:15Middle 50%: 4:04–4:28 · n=952
Advanced Metal Extractor5:29Middle 50%: 5:06–5:59 · n=956

Played most by

Amrissa101games of this buildKOT_45games of this buildSyphos40games of this buildAdeus39games of this buildTeaner34games of this build